 Dungeon Crawl Stone Soup version 0.29.1-12-g30fa7ad0bf (webtiles) character file.

Game seed: 7972271446248182692

32 Descartes the Firebug (level 3, -8/28 HPs)
             Began as a Naga Fire Elementalist on Jan 14, 2023.
             Mangled by a gnoll
             ... wielding a +0 halberd
              (10 damage)
             ... on level 2 of the Dungeon.
             The game lasted 00:02:56 (1573 turns).

Descartes the Firebug (Naga Fire Elementalist)      Turns: 1573, Time: 00:02:57

Health: -8/28      AC:  3    Str: 10    XL:     3   Next: 27%
Magic:  1/6        EV:  9    Int: 17    God:
Gold:   24         SH:  0    Dex: 11    Spells: 5/6 levels left

rFire   . . .      SeeInvis +   g - +1 mace (vorpal)
rCold   . . .      Faith    .   (no shield)
rNeg    . . .      Spirit   .   a - +0 robe
rPois   +          Reflect  .   n - +0 helmet
rElec   .          Harm     .   m - scarf {repulsion}
rCorr   .          Rampage  .   (no gloves)
Will    .....                   (no barding)
Stlth   ++........              (no amulet)
HPRegen 0.09/turn               (no ring)
MPRegen 0.10/turn               (no ring)

@: very slightly contaminated, repel missiles, very slow
A: AC +1, large, see invisible, deformed body, poison resistance, slowness 2,
spit poison 1, naga tail 1
a: Spit Poison


You were on level 2 of the Dungeon.
You visited 1 branch of the dungeon, and saw 2 of its levels.

You collected 24 gold pieces.

Inventory:

Hand Weapons
 g - a +1 vorpal mace (weapon)
Missiles
 e - 2 poisoned darts
Armour
 a - a +0 robe (worn)
 m - a scarf of repulsion (worn)
 n - a +0 helmet (worn)
Scrolls
 c - a scroll of magic mapping {unknown}
 f - a scroll of identify {unknown}
 j - a scroll of enchant weapon {unknown}
 k - 2 scrolls of teleportation {unknown}
Potions
 b - a potion of magic
 d - a potion of curing {unknown}
 h - a potion of heal wounds {unknown}
 i - a potion of attraction {unknown}
 l - a potion of haste {unknown}


   Skills:
 - Level 1.5 Dodging
 - Level 3.0 Stealth
 + Level 2.3 Spellcasting
 + Level 1.7 Conjurations
 + Level 3.3 Fire Magic
 + Level 1.8 Poison Magic


You had 5 spell levels left.
You knew the following spells:

 Your Spells              Type           Power      Damage    Failure   Level
a - Foxfire               Conj/Fire      40%        2x1d6     7%          1

Your spell library contained the following spells:

 Spells                   Type           Power      Damage    Failure   Level
 Scorch                   Fire           26%        2d6       8%          2
 Magic Dart               Conj           28%        1d4       10%         1
 Slow                     Hex            8%         N/A       19%         1
 Conjure Flame            Conj/Fire      10%        6-21      21%         3
 Call Imp                 Summ           2%         N/A       28%         2
 Inner Flame              Hex/Fire       7%         N/A       28%         3
 Mephitic Cloud           Conj/Pois/Air  6%         N/A       34%         3
 Confusing Touch          Hex            2%         N/A       50%         3
 Vampiric Draining        Necr           2%         2d6       50%         3
 Flame Wave               Conj/Fire      10%        2d6       54%         4


Dungeon Overview and Level Annotations

Branches:
Dungeon (2/15)

Altars:

Shops:
D:2 !


Innate Abilities, Weirdness & Mutations

Your serpentine skin is tough. (AC +1)
You have supernaturally acute eyesight. (SInv)
Armour fits poorly on your strangely shaped body.
Your system is resistant to poisons. (rPois)
You cover ground very slowly.
You can spit poison.
You have a snake-like lower body.


Message History

Your foxfire dissipates!
The foxfire hits the gnoll.
The gnoll is moderately wounded.
Casting: Foxfire (safe; 7% risk of failure)
Confirm with . or Enter, or press ? or * to list all spells.
You miscast Foxfire.
You are very lightly contaminated with residual magic.
Nothing appears to happen.
The gnoll hits you with a +0 whip!
Casting: Foxfire (safe; 7% risk of failure)
Confirm with . or Enter, or press ? or * to list all spells.
You miscast Foxfire.
Nothing appears to happen.
The gnoll hits you but does no damage.
Unknown command.
Casting: Foxfire (safe; 7% risk of failure)
Confirm with . or Enter, or press ? or * to list all spells.
You conjure some foxfire!
The gnoll barely misses you.
Unknown command.
Casting: Foxfire (safe; 7% risk of failure)
Confirm with . or Enter, or press ? or * to list all spells.
You conjure some foxfire!
The foxfire hits the gnoll.
The gnoll is heavily wounded.
The foxfire hits the gnoll.
The gnoll is heavily wounded.
The gnoll hits you with a +0 whip.
* * * LOW HITPOINT WARNING * * *
Unknown command.
Casting: Foxfire (safe; 7% risk of failure)
Confirm with . or Enter, or press ? or * to list all spells.
You don't have enough magic to cast this spell.
The gnoll attacks as you move away! The gnoll completely misses you.
The foxfire hits the gnoll.
The gnoll is heavily wounded.
The foxfire hits the gnoll.
The gnoll is almost dead.
The gnoll hits you with a +0 whip.
* * * LOW HITPOINT WARNING * * *
The gnoll attacks as you move away! The gnoll barely misses you.
The gnoll closely misses you.
The gnoll hits you from afar with a +0 halberd!
You die...

g. #. ..#.
.#. .. #####
#. ##...##
#.####..⌠.⌠#
#....g.g§∩.#
#.####.g§.⌠#
#. ##@..##
#. #.### #.
#.# #.
#.####
#.#####....#
#........#.#
..#####....#
#....##
#####.##


You could see 3 gnolls.

Vanquished Creatures
  3 endoplasms
  A giant cockroach (D:2)
  A goblin (D:1)
  2 hobgoblins (D:1)
  3 kobolds
  A quokka (D:1)
  9 ball pythons
  5 bats
  2 frilled lizards (D:1)
  3 rats
30 creatures vanquished.

Vanquished Creatures (others)
  95 foxfires
95 creatures vanquished.

Grand Total: 125 creatures vanquished

Notes
Turn   | Place    | Note
-------+----------+-------------------------------------------
     0 | D:1      | Descartes the Naga Fire Elementalist began the quest for
                  | the Orb.
     0 | D:1      | Reached XP level 1. HP: 15/15 MP: 3/3
   196 | D:1      | Reached XP level 2. HP: 13/22 MP: 0/5
   338 | D:1      | Reached skill level 1 in Poison Magic
   521 | D:1      | Found a faded altar of an unknown god.
  1205 | D:1      | Reached XP level 3. HP: 28/28 MP: 4/6
  1510 | D:2      | Found Roheliut's Distillery.
  1573 | D:2      | Mangled by a gnoll

Illustrated notes

Levels and vault maps discovered:
D:1:      minmay_arrival_split_and_join, layout_basic,
          shapermc_ecumenical_altar_mp_highgroup, minmay_stone_trees_medium
D:2:      minmay_chambers_of_ones, layout_loops_ring, serial_shops,
          shop_fountains

Skill      XL: |  1  2 |
---------------+-------+-----
Poison Magic   | 1 |  1.8
Dodging        | |  1.5
Stealth        | |  3.0
Spellcasting   | |  2.3
Conjurations   | |  1.7
Fire Magic     | |  3.3

Action                   || total
-------------------------++-------
Melee: Unarmed           ||     3
 Cast: Foxfire           ||    59
Armor: Robe              ||    13
Dodge: Dodged            ||    15
